 Dungeon Crawl Stone Soup version 0.24-a0-335-g06ca16a (webtiles) character file.

Game seed: 10325717807929016868

25 MisterFreud the Poker (level 2, -3/26 HPs)
             Began as a Draconian Monk on May 18, 2019.
             Slain by a gnoll
             ... wielding a +0 flail
              (10 damage)
             ... on level 1 of the Dungeon.
             The game lasted 00:00:57 (815 turns).

MisterFreud the Poker (Draconian Monk)               Turns: 815, Time: 00:00:58

Health: -3/26      AC:  4    Str: 13    XL:     2   Next: 82%
Magic:  2/2        EV: 13    Int: 10    God:
Gold:   33         SH:  0    Dex: 13    Spells: 1/1 levels left

rFire    . . .     SeeInvis .   a - +0 spear
rCold    . . .     Gourm    .   (no shield)
rNeg     . . .     Faith    .   (armour unavailable)
rPois    .         Spirit   .   (helmet restricted)
rElec    .         Reflect  .   (no cloak)
rCorr    .         Harm     .   (no gloves)
MR       .....                  (no boots)
Stlth    ++........             (no amulet)
HPRegen  0.08/turn              (no ring)
MPRegen  0.08/turn              (no ring)

@: no status effects
A: unfitting armour, cold-blooded, AC +4
a: no special abilities


You were on level 1 of the Dungeon.
You were not hungry.

You visited 1 branch of the dungeon, and saw 1 of its levels.

You collected 33 gold pieces.

Inventory:

Hand Weapons
 a - a +0 spear (weapon)
Jewellery
 h - an uncursed ring of ice
Scrolls
 g - a scroll of amnesia {unknown}
 i - a scroll of identify {unknown}
Potions
 c - a potion of agility {unknown}
 d - a potion of berserk rage {unknown}
 e - 2 potions of curing {unknown}
 f - a potion of flight {unknown}
Comestibles
 b - 2 rations
 j - 10 chunks of flesh


   Skills:
 - Level 3.2 Fighting
 + Level 4.1 Polearms
 - Level 2.6 Dodging
 - Level 1.7 Stealth


You had one spell level left.
You didn't know any spells.
Your spell library was empty.

Dungeon Overview and Level Annotations

Branches:
Dungeon (1/15)

Altars:


Innate Abilities, Weirdness & Mutations

Your plain brown scales are hard. (AC +4)
You cannot fit into any form of body armour.
You are cold-blooded and may be slowed by cold attacks.


Message History

You closely miss the bat. The bat misses you.
You hit the bat.
The bat is moderately wounded.
The bat misses you. The bat hits you but does no damage.
You hit the bat.
You kill the bat!
You barely miss the gnoll.
The gnoll is lightly wounded.
The gnoll hits you with a +0 flail!
Ouch! That really hurt!
* * * LOW HITPOINT WARNING * * *
You hit the gnoll. You tail-slap the gnoll.
The gnoll is almost dead.
The gnoll misses you.
You closely miss the gnoll.
The gnoll is almost dead.
You hit the gnoll but do no damage.
The gnoll is almost dead.
The gnoll hits you with a +0 flail!
You die...

#. . ##.#####.# #......#.#
###### #.#.##.#.# # #...)#
#)#.#....#
###.###....###########.#.#....#
.............g@.....>#.#.#....#
...........#########.#........#
........#### #.###.##...#
......).# #...........
........# ####.##.#.##
##....... #........ #.......
########.#.#. #........
#..........#. #........
#.######...#.


You could see a gnoll.

Vanquished Creatures
  A dart slug (D:1)
  A ball python (D:1)
  3 bats (D:1)
  A giant cockroach (D:1)
  4 goblins (D:1)
  4 hobgoblins (D:1)
  4 jackals (D:1)
  A kobold (D:1)
19 creatures vanquished.

Notes
Turn   | Place    | Note
-------+----------+-------------------------------------------
     0 | D:1      | MisterFreud the Draconian Monk began the quest for the Orb.
     0 | D:1      | Reached XP level 1. HP: 19/19 MP: 1/1
   190 | D:1      | Reached XP level 2. HP: 25/26 MP: 2/2
   752 | D:1      | Reached skill level 4 in Polearms
   815 | D:1      | Slain by a gnoll

Levels and vault maps discovered:
D:1:      dpeg_arrival_houses_and_road, layout_basic

Skill      XL: |  1  2 |
---------------+-------+-----
Polearms       | 4 |  4.1
Fighting       | |  3.2
Dodging        | |  2.6
Stealth        | |  1.7

Action                   || total
-------------------------++-------
Melee: Spear             ||    80
       Tailslap          ||     6
 Stab: Sleeping          ||     1
Armor: Skin              ||    19
Dodge: Dodged            ||    42

Table legend:
 A = Non-vault XP
 B = Vault XP
 C = Vault XP percentage of total XP
 D = Non-vault monster count
 E = Vault monster count
 F = Vault count percentage of total count
                 A         B        C        D         E       F
            +---------+---------+-------+---------+---------+-------
      Total |      36 |       0 |   0.0 |      19 |       0 |   0.0
            +---------+---------+-------+---------+---------+-------
        D:1 |      36 |       0 |   0.0 |      19 |       0 |   0.0
            +---------+---------+-------+---------+---------+-------
